 Dungeon Crawl Stone Soup version 0.27.1-34-g3ba077fa99 (webtiles) character file.

Game seed: 705601885407625346

9353 ticklebelly the Fighter (level 11, -17/104 HPs)
             Began as a Minotaur Berserker on Jan 7, 2022.
             Was a High Priest of Trog.
             Demolished by an orc knight (23 damage)
             ... in a bailey.
             The game lasted 00:17:06 (6963 turns).

ticklebelly the Fighter (Minotaur Berserker)        Turns: 6963, Time: 00:17:06

Health: -17/104    AC: 17    Str: 25    XL:     11   Next: 21%
Magic:  10/10      EV:  9    Int:  4    God:    Trog [*****.]
Gold:   452        SH:  0    Dex: 10    Spells: 10/10 levels left

rFire    . . .     SeeInvis .   I - +4 battleaxe
rCold    . . .     Faith    .   (shield currently unavailable)
rNeg     . . .     Spirit   .   p - +0 plate armour
rPois    .         Reflect  .   L - +2 hat
rElec    .         Harm     .   (no cloak)
rCorr    .         Rampage  .   (no gloves)
Will     .....                  (no boots)
Stlth    ..........             r - amulet of regeneration
HPRegen  1.27/turn              y - ring of flight
MPRegen  0.12/turn              (no ring)

@: flying
A: horns 2, retaliatory headbutt
a: Renounce Religion, Berserk, Trog's Hand, Brothers in Arms


You were in a bailey.
You worshipped Trog.
Trog was extremely pleased with you.
You visited 1 branch of the dungeon, and saw 9 of its levels.
You also visited: Bailey.

You collected 452 gold pieces.

Inventory:

Hand Weapons
 a - a +0 hand axe
 H - a +2 mace of holy wrath
 I - a +4 battleaxe (weapon)
Armour
 d - a +0 ring mail
 p - a +0 plate armour (worn)
 A - a +0 kite shield
 L - a +2 hat (worn)
Jewellery
 o - an amulet of magic regeneration
 r - an amulet of regeneration (around neck)
 y - a ring of flight (left hand)
Wands
 s - a wand of iceblast (2)
 u - a wand of mindburst (12)
 x - a wand of polymorph (9)
 E - a wand of paralysis (12)
 G - a wand of acid (10)
Scrolls
 c - 2 scrolls of enchant weapon
 e - 5 scrolls of teleportation {unknown}
 f - 7 scrolls of identify {unknown}
 g - a scroll of torment {unknown}
 h - 4 scrolls of enchant armour {unknown}
 i - a scroll of acquirement {unknown}
 k - a scroll of fear
 l - a scroll of vulnerability
 n - 2 scrolls of blinking
 v - a scroll of magic mapping {unknown}
 F - a scroll of noise {unknown}
 K - a scroll of amnesia {unknown}
Potions
 b - a potion of heal wounds {unknown}
 m - 2 potions of curing {unknown}
 q - 2 potions of flight {unknown}
 t - a potion of lignification {unknown}
 w - a potion of degeneration {unknown}
 z - 2 potions of brilliance {unknown}
 B - a potion of invisibility {unknown}
 C - a potion of attraction {unknown}
 D - a potion of mutation {unknown}
 M - a potion of might {unknown}


   Skills:
 + Level 12.1 Fighting
 + Level 12.1 Axes
 + Level 11.4 Armour
 + Level 5.6 Dodging


You had 10 spell levels left.
You didn't know any spells.
Your spell library was empty.

Dungeon Overview and Level Annotations

Branches:
Dungeon (9/15)             Temple (0/1) D:7          Bailey (1/1)
   Lair: D:8-11         Orc: D:9-12

Altars:
Xom

Shops:
D:4 *   D:7 *


Innate Abilities, Weirdness & Mutations

You have a pair of horns on your head.
You reflexively headbutt those who attack you in melee.


Message History

Press: ? - help, Q - select action, (/) - cycle Shift-Dir - straight line, f/p - orc warrior
Aim: an orc warrior, wielding a +0 halberd and wearing a +0 crystal plate armour (almost dead, strong, 63% to hit)
You throw a boomerang.
The boomerang hits the orc warrior but does no damage.
The orc warrior is almost dead.
Throw: boomerang
Press: ? - help, Q - select action, (/) - cycle Shift-Dir - straight line, f/p - orc warrior
Aim: an orc warrior, wielding a +0 halberd and wearing a +0 crystal plate armour (almost dead, strong, 62% to hit)
You throw a boomerang.
The boomerang hits the orc warrior but does no damage.
The orc warrior is almost dead.
Throw: boomerang
Press: ? - help, Q - select action, (/) - cycle Shift-Dir - straight line, f/p - orc warrior
Aim: an orc warrior, wielding a +0 halberd and wearing a +0 crystal plate armour (black smoke, almost dead, strong, 63% to hit)
You throw a boomerang.
The boomerang hits the orc warrior but does no damage.
The orc warrior is almost dead.
Throw: throwing net
Press: ? - help, Q - select action, (/) - cycle Shift-Dir - straight line, f/p - orc warrior
Aim: an orc warrior, wielding a +0 halberd and wearing a +0 crystal plate armour (almost dead, strong, 63% to hit)
You throw a throwing net. The throwing net hits the orc warrior.
The orc warrior is caught in the net!
The orc warrior is almost dead.
The orc warrior struggles against the net.
The orc knight hits you from afar with a +0 glaive!!
The orc warrior struggles against the net.
The orc warrior hits you from afar with a +0 glaive!
The orc knight completely misses you.
The orc warrior hits you from afar with a +0 halberd!
The orc warrior struggles against the net.
You hit the orc warrior.
You kill the orc warrior!
Trog accepts your kill.
You hit the orc knight but do no damage.
The orc warrior hits you from afar with a +0 glaive!
The orc knight hits you with a +0 glaive!!
The orc warrior hits you from afar with a +0 halberd!!
* * * LOW HITPOINT WARNING * * *
The orc knight hits you from afar with a +0 glaive!!
You die...

##### #####+##### ##.$$
#.........## .##
.§≈≈≈≈≈≈≈..+# ).##
§§≈.....§≈..## ≈..#
≈§...⌠...§≈..# ≈..#
§§..⌠∩⌠oo≈≈..# ..##
.§≈...)o≈≈..# .##
§.≈§§≈≈§≈..# ##
#.......@.##
#############+###'#########
...))....##.....##.).......
≈≈≈≈≈≈≈≈..##.∩.##..≈≈≈≈≈≈≈≈
.......≈≈..## ##..≈≈.......
######..≈≈..###).≈≈..######
##..≈≈.....≈≈..##
##..≈≈≈≈≈≈≈..##
##.........##


You could see an orc knight and 2 orc warriors.

Vanquished Creatures
  Gastronok (D:8)
  A dancing weapon (D:8)
  2 two-headed ogres
  The ghost of hilljack the Covert, a novice DECj of Hepliaklqana (D:8)
  An orc knight (Bailey)
  A troll (D:8)
  A shadow (D:7)
  5 yaks (D:8)
  A water moccasin (D:8)
  2 orc warriors
  A sky beast (D:5)
  An ice beast (D:8)
  A black bear (D:7)
  3 necrophages
  5 ogres
  3 phantoms
  3 centaurs
  4 bullfrogs
  3 gnoll sergeants
  2 scorpions
  A wyvern skeleton (D:6)
  10 killer bees
  10 wights
  2 bullfrog zombies
  2 centaur zombies
  2 hounds
  A centaur skeleton (D:5)
  A gnoll shaman (D:7)
  3 orc priests
  A bullfrog skeleton (D:5)
  A jelly (D:3)
  An iguana (D:5)
  4 orc wizards
  A killer bee zombie (D:8)
  A hound skeleton (D:5)
  2 howler monkey zombies
  10 adders
  12 gnolls
  3 shadow imps
  2 white imps
  An ufetubus (D:5)
  An adder skeleton (D:4)
  2 worms
  4 dart slugs
  18 orcs
  10 endoplasms
  3 giant cockroaches
  5 goblins
  3 hobgoblins
  4 jackals (D:3)
  3 quokkas
  4 bats
  3 frilled lizards
  4 kobolds (D:1)
  5 rats
182 creatures vanquished.

Vanquished Creatures (others)
  5 dream sheep (D:5)
  3 withered plants (D:7)
8 creatures vanquished.

Grand Total: 190 creatures vanquished

Notes
Turn   | Place    | Note
-------+----------+-------------------------------------------
     0 | D:1      | ticklebelly the Minotaur Berserker began the quest for the
                  | Orb.
     0 | D:1      | Reached XP level 1. HP: 19/19 MP: 0/0
   206 | D:1      | Reached XP level 2. HP: 23/27 MP: 1/1
   624 | D:1      | Found a faded altar of an unknown god.
  1129 | D:2      | Reached XP level 3. HP: 32/34 MP: 2/2
  1419 | D:2      | Reached ** piety under Trog
  1724 | D:3      | Reached XP level 4. HP: 41/41 MP: 3/3
  1732 | D:3      | Reached skill level 5 in Fighting
  1732 | D:3      | Reached skill level 5 in Axes
  1997 | D:3      | HP: 2/42 [acid (4)]
  2617 | D:4      | Reached XP level 5. HP: 47/48 MP: 4/4
  2743 | D:4      | Noticed a phantom
  2761 | D:4      | Killed a phantom
  2762 | D:4      | Reached XP level 6. HP: 57/57 MP: 5/5
  2812 | D:4      | Identified the +2 ring mail of the Onion {rF+ Str+4 Stlth+}
  3108 | D:4      | Found Hikh's General Store.
  3355 | D:5      | Entered Level 5 of the Dungeon
  3384 | D:5      | Noticed a dream sheep
  3384 | D:5      | Noticed a dream sheep
  3384 | D:5      | Noticed a dream sheep
  3384 | D:5      | Noticed a dream sheep
  3384 | D:5      | Noticed a dream sheep
  3384 | D:5      | Found a shimmering altar of Xom.
  3386 | D:5      | Killed a dream sheep
  3386 | D:5      | Killed a dream sheep
  3386 | D:5      | Killed a dream sheep
  3387 | D:5      | Reached XP level 7. HP: 39/64 MP: 6/6
  3391 | D:5      | Killed a dream sheep
  3393 | D:5      | Killed a dream sheep
  3569 | D:5      | Reached skill level 5 in Armour
  3751 | D:5      | Noticed a two-headed ogre
  3760 | D:5      | Killed a two-headed ogre
  3761 | D:5      | Reached XP level 8. HP: 13/75 MP: 7/7
  3779 | D:5      | Reached *** piety under Trog
  4653 | D:6      | Reached XP level 9. HP: 83/83 MP: 8/8
  5070 | D:7      | Found Ecyoro's Neck Hole.
  5260 | D:7      | Found a staircase to the Ecumenical Temple.
  5502 | D:7      | Reached **** piety under Trog
  5542 | D:7      | Reached skill level 10 in Fighting
  5542 | D:7      | Reached skill level 10 in Axes
  5643 | D:8      | Identified the +2 war axe "Hinext" {spect, rElec rCorr
                  | Str-4 Int-3}
  5983 | D:8      | Noticed a two-headed ogre
  5994 | D:8      | Killed a two-headed ogre
  5995 | D:8      | Reached XP level 10. HP: 83/94 MP: 9/9
  6090 | D:8      | Reached skill level 10 in Armour
  6123 | D:8      | Noticed Gastronok
  6134 | D:8      | Killed Gastronok
  6489 | D:8      | Found a runed translucent door.
  6489 | D:8      | Found a shimmering altar of Xom.
  6489 | D:8      | Noticed a +1 falchion of chaos
  6489 | D:8      | Noticed hilljack's ghost (novice DECj)
  6499 | D:8      | Killed a +1 falchion of chaos
  6500 | D:8      | Reached skill level 5 in Dodging
  6500 | D:8      | Reached XP level 11. HP: 104/104 MP: 10/10
  6504 | D:8      | Killed hilljack's ghost
  6676 | D:9      | Reached ***** piety under Trog
  6730 | D:9      | Found a flagged portal.
  6742 | Bailey   | Entered a bailey
  6819 | Bailey   | Noticed an orc knight
  6819 | Bailey   | Noticed an orc knight
  6924 | Bailey   | Killed an orc knight
  6962 | Bailey   | HP: 5/104 [orc warrior (28)]
  6963 | Bailey   | Demolished by an orc knight

Illustrated notes

Levels and vault maps discovered:
D:1:      zelgadis_glass_arrival_small, layout_loops_cross,
          dreamdust_ecumenical_altar_hidden_monk_grotto,
          chequers_serial_rivers_large_a
D:2:      layout_basic
D:3:      layout_loops_ring
D:4:      layout_loops_ring, serial_shops, nicolae_shop_waterfront
D:5:      minmay_skewed_foursquare, layout_loops_cross, kb_xom_exploding_sheep
D:6:      layout_loops_cross
D:7:      layout_basic, minmay_temple_entry_mist, serial_undead,
          serial_undead_c, serial_undead_c, serial_undead_f, serial_undead_d,
          nicolae_shop_sticking_my_neck_out
D:8:      layout_loops_cross, ebering_ghost_xom, due_unseen_surprise,
          uniq_gastronok
D:9:      lemuel_troll_bridge, layout_basic, enter_bailey_5, uniq_maggie
Bailey:   bailey_polearm_1, bailey

Skill      XL: |  1  2  3  4  5  6  7  8  9 10 11 |
---------------+----------------------------------+-----
Fighting       | 4 5 6 8 9 10 11 12 | 12.1
Axes           | 4 5 6 8 9 10 11 12 | 12.1
Armour         | 3 4 7 9 11 | 11.4
Dodging        | 4 5 |  5.6

Action                   |  1- 3 |  4- 6 |  7- 9 | 10-12 || total
-------------------------+-------+-------+-------+-------++-------
Melee: Hand axe          |    62 |   108 |   320 |       ||   490
       Headbutt          |     6 |    19 |    75 |    21 ||   121
       Battleaxe         |       |       |    11 |   100 ||   111
Throw: Boomerang         |       |       |       |   121 ||   121
       Throwing net      |       |       |       |     1 ||     1
Invok: Berserk           |       |     1 |     4 |     2 ||     7
       Brothers in Arms  |       |       |     1 |       ||     1
  Use: Scroll            |       |       |       |     4 ||     4
Armor: Ring mail         |    15 |    12 |       |       ||    27
       Animal skin       |     1 |       |       |       ||     1
       Plate armour      |       |    43 |   167 |    90 ||   300
Dodge: Dodged            |    35 |    37 |   120 |    63 ||   255
